 Dungeon Crawl Stone Soup version 0.30-a0-458-g86641cc369 (webtiles) character file.

Game seed: 3967873607742678732

43162 cforsyth the Grappler (level 13, 0/136 HPs)
             Began as a Troll Fighter on Dec 14, 2022.
             Was a Priest of Wu Jian.
             Slain by a 13-headed hydra (8 damage)
             ... on level 5 of the Lair of Beasts.
             The game lasted 00:41:06 (16752 turns).

cforsyth the Grappler (Troll Fighter)              Turns: 16752, Time: 00:41:07

Health: 0/136      AC: 12    Str: 27    XL:     13   Next: 89%
Magic:  0/12       EV: 13    Int:  8    God:    Wu Jian [***...]
Gold:   926        SH: 12    Dex: 18    Spells: 12/12 levels left

rFire   . . .      SeeInvis .      - Unarmed
rCold   . . .      Faith    .    b - +0 kite shield
rNeg    . . .      Spirit   +    O - +0 troll leather armour
rPois   +          Reflect  .    l - +3 hat of the Noxious God {Dex+3}
rElec   .          Harm     .    M - +2 cloak
rCorr   .          Rampage  .    (gloves unavailable)
Will    .....                    (boots unavailable)
Stlth   +.........               Q - amulet of guardian spirit
HPRegen 2.02/turn                i - +6 ring of dexterity
MPRegen 0.13/turn                u - ring of poison resistance

@: about to teleport
A: large, unfitting armour, claws 3, regeneration 1, shaggy fur 1, tough skin 1
a: Renounce Religion, Wall Jump, Serpent's Lash


You were on level 5 of the Lair of Beasts.
You worshipped Wu Jian.
Wu Jian was most pleased with you.
You visited 3 branches of the dungeon, and saw 17 of its levels.
You also visited: Ossuary.

You collected 926 gold pieces.

Inventory:

Missiles
 m - 4 throwing nets (quivered)
Armour
 b - a +0 kite shield (worn)
 l - the +3 hat of the Noxious God (worn) {Dex+3}
   (You acquired it on level 5 of the Dungeon)

   Dex:       It affects your dexterity (+3).
 M - a +2 cloak (worn)
 N - +0 acid dragon scales
 O - a +0 troll leather armour (worn)
Jewellery
 e - a ring of flight
 i - a +6 ring of dexterity (left claw)
 u - a ring of poison resistance (right claw)
 v - a ring of see invisible
 C - a +6 ring of strength
 J - a +6 ring of intelligence
 K - a +6 ring of strength
 L - a +4 ring of protection
 Q - an amulet of guardian spirit (around neck)
Wands
 f - a wand of mindburst (11)
 p - a wand of charming (20)
 w - a wand of polymorph (14)
 P - a wand of flame (19)
 R - a wand of digging (3)
Scrolls
 d - a scroll of blinking
 h - 4 scrolls of vulnerability
 n - 5 scrolls of amnesia
 s - 3 scrolls of fear
 y - 5 scrolls of teleportation
 A - 4 scrolls of magic mapping
 B - a scroll of fog
 D - a scroll of silence {unknown}
 G - 2 scrolls of torment
 H - a scroll of enchant armour
Potions
 c - 3 potions of might
 g - 3 potions of mutation
 j - a potion of lignification
 k - 6 potions of curing
 o - 5 potions of ambrosia
 r - 2 potions of resistance
 t - 5 potions of flight
 z - 3 potions of haste
 E - 2 potions of brilliance
 F - 2 potions of magic
 I - a potion of berserk rage


   Skills:
 + Level 10.8 Fighting
 - Level 8.4 Dodging
 + Level 11.7 Shields
 * Level 14.6 Unarmed Combat


You had 12 spell levels left.
You didn't know any spells.
Your spell library contained the following spells:

 Spells                   Type           Power      Damage    Failure   Level
 Apportation              Tloc           0%         N/A       65%         1
 Slow                     Hex            0%         N/A       65%         1
 Sublimation of Blood     Necr           0%         N/A       78%         2
 Wereblood                Tmut           0%         N/A       78%         2
 Confusing Touch          Hex            0%         N/A       95%         3
 Vampiric Draining        Necr           0%         2d6       95%         3
 Cause Fear               Hex            0%         N/A       100%        4
 Manifold Assault         Tloc           0%         N/A       100%        4
 Alistair's Intoxication  Tmut/Pois      0%         N/A       100%        5
 Iskenderun's Battlesphe  Conj           0%         2d6       100%        5
 Silence                  Hex/Air        0%         N/A       100%        5
 Dispersal                Tloc           0%         N/A       100%        6
 Summon Hydra             Summ           0%         N/A       100%        7
 Disjunction              Tloc           0%         N/A       100%        8


Dungeon Overview and Level Annotations

Branches:
Dungeon (11/15)            Temple (1/1) D:4            Lair (5/5) D:11
 Shoals (0/4) Lair:3       Spider (0/4) Lair:2        Slime (0/5) Lair:4
    Orc (0/2) D:10        Ossuary (visited)

Altars:
Ashenzari
Dithmenos
Fedhas
Gozag
Makhleb
Qazlal
Sif Muna
Trog
Uskayaw
Vehumet
Wu Jian
Xom
Yredelemnul
Zin
The Shining One

Shops:
D:8 *   D:11 :[[

Annotations:
D:8 2 transporters, Grum; NinjaNoafa's ghost, novice TeGl
Lair:4 1 runed translucent door


Innate Abilities, Weirdness & Mutations

You are too large for most types of armour.
You have claws for hands.
Your natural rate of healing is unusually fast.
You are covered in fur. (AC +1)
You have tough skin. (AC +1)


Message History

You block the 12-headed hydra's attack.
The 12-headed hydra bites you but does no damage. x3
The 12-headed hydra misses you. The 12-headed hydra closely misses you.
The 12-headed hydra bites you.
You claw one of the 12-headed hydra's heads off!
The 11-headed hydra grows two more!
You mangle the 13-headed hydra!!
The 13-headed hydra is severely wounded.
The blink frog blinks! x2; The 13-headed hydra bites you.
The 13-headed hydra closely misses you. You block the 13-headed hydra's attack.
The 13-headed hydra bites you!
The 13-headed hydra bites you but does no damage.
The 13-headed hydra bites you. The 13-headed hydra closely misses you.
You block the 13-headed hydra's attack. The 13-headed hydra bites you.
The 13-headed hydra bites you but does no damage. x2
The 13-headed hydra bites you. You block the 13-headed hydra's attack.
You barely miss the 13-headed hydra.
The 13-headed hydra is severely wounded.
You block the blink frog's attack.
The blink frog blinks!
You scratch the 13-headed hydra.
The 13-headed hydra is severely wounded.
You block the 13-headed hydra's attack. The 13-headed hydra bites you!
* * * LOW HITPOINT WARNING * * *
You block the 13-headed hydra's attack.
The 13-headed hydra barely misses you. x2
The 13-headed hydra bites you!
* * * LOW HITPOINT WARNING * * *
The 13-headed hydra bites you.
* * * LOW HITPOINT WARNING * * *
You block the 13-headed hydra's attack. The 13-headed hydra closely misses you.
The 13-headed hydra bites you.
* * * LOW HITPOINT WARNING * * *
The 13-headed hydra closely misses you.
The 13-headed hydra bites you but does no damage.
The 13-headed hydra bites you!
* * * LOW HITPOINT WARNING * * *
The blink frog hits you but does no damage.
As you read the scroll of teleportation, it crumbles to dust.
You feel strangely unstable. The blink frog hits you!
* * * LOW HITPOINT WARNING * * *
You block the 13-headed hydra's attack. x2; The 13-headed hydra bites you!
You die...

........#.....................
..............................
..............................
.......................#......
....................P.÷##.....
............P....##....
.............P.P..###..
............P.......##.
.........@F÷.P..P..P.###
...F....D§..........÷....
......(†...........P..##P.
...[..F....##.P.†...###
............##.÷..P##
.............##....#
..............#.P.##
..............#...#
..............##..#


You could see a 13-headed hydra and 3 blink frogs.

Vanquished Creatures
  A dire elephant (Lair:2)
  5 hydras
  A catoblepas (Lair:5)
  2 two-headed ogres (D:11)
  A boulder beetle (Lair:4)
  9 death yaks (Lair:4)
  Pikel (D:6)
  A manticore (D:11)
  An ugly thing (D:11)
  30 elephants
  Maurice (D:9)
  4 black mambas
  10 cane toads
  2 unseen horrors
  3 kobold demonologists (D:11)
  2 rime drakes
  3 komodo dragons
  3 trolls (D:10)
  3 polar bears
  2 hornets (D:8)
  Prince Ribbit (D:7)
  4 dream sheep
  Sigmund (D:3)
  3 spriggans
  A shadow (D:9)
  27 yaks
  4 wyverns (D:11)
  4 basilisks
  2 steam dragons
  Edmund (D:6)
  5 water moccasins
  2 acid dragons
  A swamp drake (D:11)
  2 orc warriors
  5 black bears
  A sky beast (D:8)
  2 ogres
  6 centaurs
  3 wolves (Lair:4)
  A phantom (D:5)
  2 elf zombies (Ossuary)
  6 bullfrogs
  2 necrophages (D:4)
  4 wights (D:8)
  11 killer bees
  A howler monkey (D:10)
  7 electric eels (D:8)
  A centaur zombie (Ossuary)
  A human zombie (Ossuary)
  An orc priest (D:10)
  2 hounds
  A gnoll bouda (D:4)
  4 iguanas
  6 orc wizards
  Ijyb (D:3)
  A hound zombie (Ossuary)
  3 mummies (Ossuary)
  8 gnolls
  7 adders
  A shadow imp (D:4)
  4 white imps
  An ufetubus (D:6)
  3 adder zombies (Ossuary)
  2 worms
  A dart slug (D:4)
  32 orcs
  2 bats (D:2)
  5 endoplasms
  7 giant cockroaches
  2 gnoll zombies (Ossuary)
  4 goblins
  8 hobgoblins
  12 kobolds
  5 quokkas
  4 ball pythons
  4 frilled lizards (D:1)
  8 goblin zombies (Ossuary)
  5 hobgoblin zombies (Ossuary)
  2 kobold zombies (Ossuary)
  4 orc zombies (Ossuary)
  3 quokka zombies (Ossuary)
  5 rats
  4 rat zombies (Ossuary)
358 creatures vanquished.

Vanquished Creatures (others)
  30 fungi
  40 plants
70 creatures vanquished.

Grand Total: 428 creatures vanquished

Notes
Turn   | Place    | Note
-------+----------+-------------------------------------------
     0 | D:1      | cforsyth the Troll Fighter began the quest for the Orb.
     0 | D:1      | Reached XP level 1. HP: 22/22 MP: 0/0
   277 | D:1      | Reached XP level 2. HP: 29/29 MP: 1/1
  1096 | D:2      | Reached XP level 3. HP: 35/36 MP: 2/2
  1630 | D:3      | Identified the +10 whip "Qicvitisk" {spect, Fly rF+ rN++
                  | SInv}
  1659 | D:3      | Reached XP level 4. HP: 44/44 MP: 3/3
  1888 | D:3      | Noticed Ijyb
  1898 | D:3      | Killed Ijyb
  2064 | D:3      | Noticed Sigmund
  2098 | D:4      | Reached skill level 3 in Unarmed Combat
  2339 | D:4      | Noticed a black bear
  2345 | D:4      | Reached XP level 5. HP: 50/53 MP: 4/4
  2360 | D:4      | Killed a black bear
  2519 | D:3      | Killed Sigmund
  2520 | D:3      | Reached XP level 6. HP: 62/62 MP: 5/5
  2830 | D:4      | Found an opulent altar of Gozag.
  2886 | D:4      | Found a staircase to the Ecumenical Temple.
  2969 | D:4      | Reached skill level 4 in Unarmed Combat
  3086 | D:4      | Reached XP level 7. HP: 68/68 MP: 6/6
  3367 | D:5      | Entered Level 5 of the Dungeon
  3402 | D:5      | Identified 2 scrolls of acquirement
  3402 | D:5      | Acquired a ring of see invisible
  3403 | D:5      | Acquired the +3 hat of the Noxious God {Dex+3}
  3767 | D:5      | Found a hide-covered altar of Uskayaw.
  3772 | D:5      | Found a shimmering blue altar of Sif Muna.
  4085 | D:6      | Noticed Edmund
  4097 | D:6      | Killed Edmund
  4098 | D:6      | Reached skill level 5 in Shields
  4098 | D:6      | Reached skill level 5 in Unarmed Combat
  4098 | D:6      | Reached XP level 8. HP: 31/79 MP: 7/7
  4210 | D:6      | Noticed Pikel
  4258 | D:6      | Killed Pikel
  4259 | D:6      | Reached skill level 5 in Fighting
  4259 | D:6      | Reached skill level 5 in Dodging
  4373 | D:6      | You fall into a shaft and drop 2 floors!
  4384 | D:8      | Noticed Grum
  4392 | D:8      | Found a transporter.
  4400 | D:8      | Found Daragim's Desiderata Depot.
  4404 | D:8      | Noticed a hornet
  4413 | D:8      | Killed a hornet
  4435 | D:8      | Found a shadowy altar of Dithmenos.
  4498 | D:8      | Reached skill level 6 in Unarmed Combat
  4512 | D:8      | Found a sand-covered staircase.
  4518 | Ossuary  | Entered an ossuary
  4669 | Ossuary  | Reached XP level 9. HP: 73/88 MP: 8/8
  4896 | D:8      | Identified the +1 scale mail "Zeucesar" {-Cast rPois rCorr}
  4904 | D:8      | Identified the ring of Roanyerusu {rN+ Will+ Str+2}
  5020 | D:7      | Noticed Prince Ribbit
  5052 | D:7      | Killed Prince Ribbit
  5977 | D:7      | Identified the +3 ring mail of Paranoia {Dex+4}
  6063 | D:7      | Identified the +1 buckler of the Sturgeon {Rampage rF-
                  | MP+9}
  6200 | D:7      | Found a shimmering altar of Xom.
  6619 | D:8      | Noticed NinjaNoafa's ghost (novice TeGl)
  6624 | D:8      | Found a transporter.
  6787 | D:8      | Reached skill level 7 in Unarmed Combat
  6938 | D:8      | HP: 2/89 [electric eel/bolt of electricity (5)]
  7441 | D:8      | Paralysed by a hornet for 2 turns
  7561 | D:8      | Identified the +5 broad axe of Yesterday {pain, rF+ rC+
                  | MP+9}
  8104 | Temple   | Entered the Ecumenical Temple
  8134 | Temple   | Became a worshipper of the Wu Jian Council
  8340 | D:9      | Reached XP level 10. HP: 65/100 MP: 9/9
  8534 | D:9      | Noticed Maurice
  8554 | D:9      | Killed Maurice
  8725 | D:9      | Found a blossoming altar of Fedhas.
  8763 | D:9      | Found a basalt altar of Yredelemnul.
  8822 | D:9      | Identified the +0 leather armour of Depression {rElec
                  | rCorr}
  8986 | D:10     | Entered Level 10 of the Dungeon
  9051 | D:10     | Found a staircase to the Orcish Mines.
  9252 | D:10     | Found a radiant altar of Vehumet.
  9281 | D:10     | Got the Dissertation on Energetic Interference
  9453 | D:10     | Reached skill level 8 in Unarmed Combat
  9996 | D:11     | Noticed a manticore
  9996 | D:11     | Found a bloodstained altar of Trog.
 10257 | D:11     | Killed a manticore
 10337 | D:11     | Reached XP level 11. HP: 88/109 MP: 10/10
 10360 | D:11     | Found Bojofu's Antique Armour Boutique.
 10362 | D:11     | Found Foraj's Book Shop.
 10365 | D:11     | Noticed a two-headed ogre
 10370 | D:11     | Killed a two-headed ogre
 10622 | D:11     | Noticed a two-headed ogre
 10624 | D:11     | Noticed a two-headed ogre
 10702 | D:11     | Noticed a sun demon
 10707 | D:11     | Reached skill level 9 in Unarmed Combat
 10715 | D:11     | Reached * piety under Wu Jian
 10785 | D:11     | Noticed a purple ugly thing
 11055 | D:11     | Found Xoefurek's Antique Armour Boutique.
 11296 | D:11     | Killed a purple ugly thing
 11351 | D:11     | Killed a two-headed ogre
 11573 | D:11     | Found a staircase to the Lair.
 11694 | Lair:1   | Entered Level 1 of the Lair of Beasts
 11899 | Lair:1   | You fall into a shaft and drop 1 floor!
 12342 | Lair:2   | Found a hole to the Spider Nest.
 12403 | Lair:2   | Reached skill level 10 in Unarmed Combat
 12487 | Lair:2   | Reached XP level 12. HP: 122/122 MP: 11/11
 12713 | Lair:2   | Reached ** piety under Wu Jian
 12783 | Lair:2   | Reached skill level 11 in Unarmed Combat
 13008 | Lair:2   | Reached skill level 10 in Shields
 13063 | Lair:2   | Noticed a dire elephant
 13080 | Lair:2   | Killed a dire elephant
 13805 | Lair:3   | Found a staircase to the Shoals.
 13999 | Lair:3   | Noticed a five-headed hydra
 14015 | Lair:3   | HP: 2/124 [12-headed hydra (11)]
 14741 | Lair:4   | Reached skill level 12 in Unarmed Combat
 14831 | Lair:4   | Found a runed translucent door.
 14832 | Lair:4   | Noticed an acid blob
 14833 | Lair:4   | Noticed an acid blob
 14834 | Lair:4   | Noticed an acid blob
 14834 | Lair:4   | Noticed an acid blob
 14843 | Lair:4   | Noticed a five-headed hydra
 14852 | Lair:4   | Killed a six-headed hydra
 15292 | Lair:4   | Noticed a boulder beetle
 15311 | Lair:4   | Killed a boulder beetle
 15407 | Lair:4   | Noticed a four-headed hydra
 15417 | Lair:4   | Killed a 12-headed hydra
 15427 | Lair:4   | Reached XP level 13. HP: 49/133 MP: 3/12
 15539 | Lair:4   | Reached skill level 10 in Fighting
 15539 | Lair:4   | Reached skill level 13 in Unarmed Combat
 15565 | Lair:4   | HP: 6/199 [death yak (8)]
 15834 | Lair:4   | Found a staircase to the Slime Pits.
 16014 | Lair:5   | Entered Level 5 of the Lair of Beasts
 16102 | Lair:4   | Reached *** piety under Wu Jian
 16213 | Lair:5   | Reached skill level 14 in Unarmed Combat
 16752 | Lair:5   | Slain by a 13-headed hydra

Illustrated notes

Levels and vault maps discovered:
D:1:      ncdulo_watergridlock, layout_loops_corners
D:2:      layout_basic, minmay_misc_feat_tiny
D:3:      layout_basic, uniq_ijyb, uniq_sigmund
D:4:      cheibrodos_barr_body, layout_basic, grunt_gozag_statues,
          minmay_temple_entry_statues_fountains
D:5:      layout_gridville, mainiacjoe_overflow_big_doors, minmay_crystal_water
D:6:      layout_basic, portal_sewer_entry_a, uniq_edmund, uniq_pikel
D:7:      layout_basic, general_overflow_altar, uniq_prince_ribbit1
D:8:      layout_layer_cave, nicolae_dithmenos_shadow_blocks,
          nicolae_ossuary_entry_ruins, gammafunk_ghost_gnarly_gnolls,
          nicolae_alphabet_shops, serial_bayou_lake_a
D:9:      layout_big_octagon, mainiacjoe_overflow_two_lobes,
          serial_bayou_pond_e, uniq_maurice
D:10:     layout_gridville, nicolae_vehumet_altar_sigil, orc_0_dummy
D:11:     layout_roguey, erik_lair_dragon, serial_shops,
          nicolae_shop_advertising_works [nicolae_subvault_shop_adworks],
          nicolae_take_the_stairs, shop, trog_ov_bears_minmay
Temple:   jpeg_temple_clearing
Lair:1:   layout_cave_shapes
Lair:2:   mu_elephants_graveyard, layout_regular_city, dummy_spider_entry
Lair:3:   layout_layer_cave, shoals_dummy_entry, serial_forest,
          infiniplex_forest_clump_C, infiniplex_forest_lined_4_way,
          infiniplex_forest_clump_diagonal, infiniplex_forest_lined_room_2,
          infiniplex_forest_lined_room_3, infiniplex_forest_end_2,
          infiniplex_forest_zigzag_1, infiniplex_forest_end_1
Lair:4:   layout_regular_city, slime_entry_2, forest_entry_grove
Lair:5:   grunt_lair_end_beastmaster, layout_cave_shapes, grunt_megastairs_5

Skill      XL: |  1  2  3  4  5  6  7  8  9 10 11 12 13 |
---------------+----------------------------------------+-----
Shields        | 3 4 5 7 8 9 10 11 | 11.7
Dodging        | 3 4 5 6 7 8 |  8.4
Fighting       | 3 4 5 6 7 8 9 10 | 10.8
Unarmed Combat | 3 4 5 6 7 8 10 12 14 | 14.6

Action                   |  1- 3 |  4- 6 |  7- 9 | 10-12 | 13-15 || total
-------------------------+-------+-------+-------+-------+-------++-------
Melee: Unarmed           |    97 |   102 |   364 |   622 |   271 ||  1456
Invok: Lunge             |       |       |     1 |    31 |     6 ||    38
       Whirlwind         |       |       |       |    64 |   100 ||   164
Evoke: Wand              |       |     4 |       |    13 |     4 ||    21
  Use: Scroll            |     7 |       |    12 |     5 |     4 ||    28
       Potion            |       |       |       |     1 |     4 ||     5
 Stab: Sleeping          |       |     2 |     3 |     1 |       ||     6
       Distracted        |       |       |       |     1 |       ||     1
Armor: Robe              |    22 |    23 |    74 |     8 |       ||   127
       Troll leather arm |       |       |       |   216 |    97 ||   313
       Acid dragon scale |       |       |       |    33 |       ||    33
       Skin              |       |       |       |     9 |    68 ||    77
Dodge: Dodged            |    24 |    27 |   127 |   325 |   123 ||   626
Block: Kite shield       |    29 |    53 |   145 |   388 |   176 ||   791

Table legend: (Time is in decaauts)
 A = Elapsed time spent in this place.
 B = Non-inter-level travel time spent in this place.
 C = Inter-level travel time spent in this place.
 D = Time resting spent in this place.
 E = Time spent auto-exploring this place.
 F = Levels seen in this place.
 G = Mean time per level.
                   A        B        C        D        E       F      G
               +--------+--------+--------+--------+--------+-----+--------+
         Total |  16734 |  15792 |    942 |   2465 |   9605 |  18 |  929.7 |
       Dungeon |  11359 |  10539 |    820 |   1392 |   6712 |  11 | 1032.6 |
        Temple |     59 |     46 |     13 |      0 |     27 |   1 |   59.0 |
          Lair |   5016 |   4908 |    108 |   1073 |   2735 |   5 | 1003.2 |
       Ossuary |    299 |    299 |      0 |      0 |    131 |   1 |  299.0 |
               +--------+--------+--------+--------+--------+-----+--------+

Top non-repeatable levels by time:
     D:8: 1952 daAuts
  Lair:4: 1802 daAuts
  Lair:2: 1496 daAuts
    D:10: 1311 daAuts
    D:11: 1222 daAuts
     D:7: 998 daAuts
     D:4: 971 daAuts
     D:6: 864 daAuts
     D:1: 857 daAuts
  Lair:3: 846 daAuts
     D:5: 836 daAuts
     D:3: 824 daAuts
     D:9: 771 daAuts
     D:2: 748 daAuts
  Lair:1: 643 daAuts
